AoeStats
← lorry7138

Golden Pit

508843475Analyzed
1v1 RM · 6d ago on Sep 24, 2026· 23m 17s· 2 players
Game mode
Random Map
Map size
Tiny (2 player)
Population
200
Speed
Normal
Resources
Standard
Victory
Conquest
Starting age
Dark Age
Ending age
Imperial Age
RankedLock teamsTeams togetherTeam positionsShared explorationLock speedFull tech treeHidden civsTurbo modeCheats
Victory
Defeat
🇨🇳 Armenians · China
825
+18
🇪🇸 Mongols · Spain
865
-18
lorry7138
0:27 Loom
9:28 Feudal Age
9:56 Town Watch
10:48 Wheelbarrow
10:32 Double-Bit Axe
11:24 Horse Collar
18:01 Castle Age
17:50 Stone Mining
18:07 Gold Mining
Riojacity
9:06 Loom
10:51 Feudal Age
14:39 Forging
14:30 Scale Mail Armor
15:44 Wheelbarrow
15:01 Double-Bit Axe
15:56 Horse Collar
22:07 Castle Age
21:01 Gold Mining
21:02 Stone Mining
Connection lost

Rejoining the realm…

Still unreachable

The connection could not be restored.

Session expired

The server has moved on; the page needs a fresh start.